 Dungeon Crawl Stone Soup version 0.19.5 (webtiles) character file.

344 JeffiDaFish the Shield-Bearer (level 6, -2/39 HPs)
             Began as a Gargoyle Fighter on Sept 15, 2017.
             Slain by FangTR18's ghost (4 damage)
             ... on level 3 of the Dungeon.
             The game lasted 00:10:51 (3825 turns).

JeffiDaFish the Shield-Bearer (Gargoyle Fighter)    Turns: 3825, Time: 00:10:52

Health: -2/39      AC: 14    Str: 19    XL:     6   Next: 58%
Magic:  6/6        EV:  6    Int:  9    God:
Gold:   140        SH:  9    Dex: 11    Spells: 0 memorised, 5 levels left

rFire  . . .     SeeInvis .     i - +0 whip (flame)
rCold  . . .     Gourm    .     a - +0 chain mail
rNeg   + . .     Faith    .     c - +0 shield
rPois  ∞         Spirit   .     (no helmet)
rElec  +         Reflect  .     (no cloak)
rCorr  .         Harm     .     (no gloves)
MR     .....                    (no boots)
Stlth  ..........               (no amulet)
                                (no ring)
                                (no ring)

@: no status effects
A: negative energy resistance 1, electricity resistance, unbreathing,
petrification resistance, rot immunity, AC +4
a: no special abilities


You were on level 3 of the Dungeon.
You were not hungry.

You visited 1 branch of the dungeon, and saw 3 of its levels.

You collected 140 gold pieces.

Inventory:

Hand Weapons
 i - a +0 whip of flaming (weapon)
Armour
 a - a +0 chain mail (worn)
 c - a +0 shield (worn)
Wands
 j - a wand of teleportation (2/9)
Scrolls
 d - a scroll of remove curse
 e - 3 scrolls of identify
Comestibles
 b - 9 chunks of flesh
 f - a bread ration


   Skills:
 + Level 4.5 Fighting
 + Level 3.4 Maces & Flails
 + Level 4.6 Armour
 + Level 1.6 Dodging
 + Level 0.5 Stealth
 + Level 4.7 Shields


You had 5 spell levels left.
You didn't know any spells.

Dungeon Overview and Level Annotations

Branches:
Dungeon (3/15)

Altars:
Qazlal

Annotations:
D:3 FangTR18's ghost, amateur GrFi


Innate Abilities, Weirdness & Mutations

You are resistant to torment.
Your stone body is resilient. (AC +4)
You are immune to poison.
You resist negative energy. (rN+)
You are resistant to electric shocks. (rElec)
You can survive without breathing.
You are immune to petrification.
You are immune to rotting.


Message History

FangTR18's ghost hits you but does no damage.
You hit FangTR18's ghost but do no damage.
FangTR18's ghost is severely damaged.
You block FangTR18's ghost's attack.
You hit FangTR18's ghost but do no damage.
FangTR18's ghost is severely damaged.
FangTR18's ghost hits you.
* * * LOW HITPOINT WARNING * * *
You hit FangTR18's ghost. You burn FangTR18's ghost.
FangTR18's ghost is severely damaged.
You block FangTR18's ghost's attack.
You hit FangTR18's ghost but do no damage.
FangTR18's ghost is severely damaged.
FangTR18's ghost hits you but does no damage.
You hit FangTR18's ghost. You burn FangTR18's ghost.
FangTR18's ghost is severely damaged.
FangTR18's ghost hits you!
* * * LOW HITPOINT WARNING * * *
FangTR18's ghost hits you.
You die...

#.# #### #.# .# #..# ###.### .#
##...### ......##.#####
#..#...#### ......##.....####
#.####.....
........####....#######.#......(.
.........####....................
.÷...............................
.####..####.....@..............##
...##..........W##...>.........#
##.##................####......#
#.##..............#.# #......#
#......>......##.....# #......#
###..#...............# #......#
##.........###..... #########
#.#...###.### ...# #
#............ ... #


You could see FangTR18's ghost.

Vanquished Creatures
  A phantom (D:3)
  Terence (D:2)
  An orc wizard (D:2)
  Ijyb (D:2)
  Natasha (thrice) (D:2)
  An adder (D:2)
  3 gnolls (D:3)
  A worm (D:3)
  2 dart slugs
  3 orcs
  6 bats
  3 giant cockroaches
  5 goblins
  3 hobgoblins
  4 jackals (D:3)
  6 kobolds
  3 quokkas
  3 ball pythons
  2 frilled lizards (D:3)
  6 rats
58 creatures vanquished.

Vanquished Creatures (others)
  An orc wizard (D:2)
1 creature vanquished.

Grand Total: 59 creatures vanquished

Notes
Turn   | Place    | Note
-------+----------+-------------------------------------------
     0 | D:1      | JeffiDaFish the Gargoyle Fighter began the quest for the Orb.
     0 | D:1      | Reached XP level 1. HP: 14/14 MP: 1/1
   232 | D:1      | Reached XP level 2. HP: 19/19 MP: 2/2
   780 | D:1      | Reached XP level 3. HP: 19/24 MP: 3/3
  1085 | D:2      | Found a stormy altar of Qazlal.
  1139 | D:2      | Noticed Terence
  1139 | D:2      | Noticed Natasha
  1167 | D:2      | Killed Terence
  1176 | D:2      | Killed Natasha
  1176 | D:2      | Reached XP level 4. HP: 28/29 MP: 4/4
  1308 | D:2      | Noticed Ijyb
  1321 | D:2      | Killed Ijyb
  1404 | D:2      | Noticed Natasha
  1426 | D:2      | Killed Natasha
  1426 | D:2      | Reached skill level 1 in Dodging
  1426 | D:2      | Reached XP level 5. HP: 3/33 MP: 5/5
  1640 | D:2      | Noticed Natasha
  1895 | D:2      | Killed Natasha
  1937 | D:3      | Noticed a phantom
  2297 | D:3      | Killed a phantom
  2297 | D:3      | Reached XP level 6. HP: 28/38 MP: 6/6
  2385 | D:3      | Noticed FangTR18's ghost (amateur GrFi)
  3813 | D:3      | HP: 1/39 [FangTR18's ghost (11)]
  3825 | D:3      | Slain by FangTR18's ghost

Skill      XL: |  1  2  3  4 |
---------------+-------------+-----
Shields        | 4 |  4.7
Armour         | 4 |  4.6
Fighting       | 4 |  4.5
Maces & Flails | 3 |  3.4
Dodging        | 1 |  1.6
Stealth        | |  0.5

Action                   |  1- 3 |  4- 6 || total
-------------------------+-------+-------++-------
Melee: Flail             |    96 |       ||    96
       Whip              |    34 |   327 ||   361
  Use: Potion            |     6 |     6 ||    12
       Scroll            |     3 |     3 ||     6
 Stab: Invisible         |       |     2 ||     2
  Eat: Chunk             |     1 |     5 ||     6
       Bread ration      |       |     1 ||     1
Armor: Scale mail        |    55 |       ||    55
       Chain mail        |    24 |   235 ||   259
Dodge: Dodged            |    36 |    72 ||   108
Block: Shield            |    54 |   170 ||   224
